Map: [ESL] Alcyone

Players

Harstem

  • Race: Protoss Protoss
  • League: Grandmaster
  • Spawn Location: 7:00

SKillous - Winner!

  • Race: Protoss Protoss
  • League: Grandmaster
  • Spawn Location: 1:00

VOD

Have the link to the VOD?

Description

Time

  • Played on: Nov. 25, 2023, 11:34 a.m.
  • Length: 22:09
Show
View Real Time Build Order
Export as new Build Order

Harstem Protoss 

Build Orders: Oracle Opening, Blink Stalkers 

Get SALT Encoding   

  12  0:00  Probe  
  13  0:12  Probe  
  14  0:18  Pylon  
  14  0:25  Probe (Chrono Boost)  
  15  0:37  Gateway, Probe (Chrono Boost)  
  16  0:45  Probe (Chrono Boost)  
  16  0:47  Assimilator  
  17  0:51  Probe  
  17  0:54  Assimilator  
  18  1:03  Probe (Chrono Boost)  
  19  1:08  Gateway  
  19  1:13  Probe (Chrono Boost)  
  19  1:18  Probe (Chrono Boost)  
  20  1:24  Cybernetics Core  
  21  1:29  Probe  
  22  1:34  Pylon  
  22  1:41  Probe  
  23  1:53  Probe  
  24  1:58  Warp Gate (Chrono Boost)  
  24  2:00  Stalker, Adept  
  28  2:07  Probe  
  29  2:14  Pylon  
  29  2:21  Probe, Stargate  
  30  2:32  Stalker  
  32  2:52  Nexus  
  32  2:56  Probe  
  33  3:06  Oracle  
  36  3:15  Probe  
  37  3:26  Pylon  
  37  3:27  Twilight Council, Probe  
  38  3:39  Probe  
  39  3:46  Stalker  
  39  3:47  Adept  
  43  3:52  Probe  
  44  3:58  Blink (Chrono Boost)  
  44  4:04  Probe  
  44  4:05  Probe  
  46  4:16  Probe  
  47  4:21  Probe  
  48  4:25  Nexus  
  48  4:29  Probe  
  49  4:33  Probe  
  49  4:37  Stalker  
  52  4:44  Stalker  
  52  4:45  Probe x2  
  56  4:55  Pylon  
  56  4:57  Probe  
  56  4:59  Pylon  
  57  5:02  Stalker  
  57  5:05  Probe  
  60  5:07  Stalker  
  60  5:11  Gateway  
  60  5:13  Probe  
  63  5:17  Assimilator  
  63  5:20  Probe  
  64  5:25  Probe  
  64  5:26  Stalker  
  65  5:32  Probe  
  65  5:33  Forge  
  65  5:34  Sentry  
  66  5:37  Probe x2  
  68  5:44  Probe  
  68  5:48  Phoenix  
  68  5:49  Stalker, Probe  
  72  5:52  Pylon, Probe  
  72  5:56  Probe  
  74  5:59  Protoss Ground Weapons Level 1 (Chrono Boost)  
  74  6:00  Stalker  
  74  6:01  Gateway, Probe  
  74  6:03  Shield Battery  
  77  6:04  Probe  
  77  6:08  Probe  
  79  6:12  Stalker  
  79  6:13  Probe  
  79  6:16  Probe  
  83  6:18  Robotics Facility  
  83  6:21  Stalker  
  83  6:22  Probe  
  87  6:29  Probe  
  88  6:36  Stalker, Gateway x2  
  88  6:38  Probe  
  88  6:39  Pylon  
  90  6:41  Probe  
  90  6:46  Assimilator  
  91  6:52  Nexus  
  91  6:53  Probe  
  92  6:58  Stalker x2  
  92  7:00  Probe  
  97  7:02  Stalker  
  97  7:05  Dark Shrine  
  97  7:07  Stalker  
  101  7:10  Probe  
  101  7:13  Observer  
  103  7:18  Probe  
  104  7:23  Pylon  
  104  7:24  Probe  
  104  7:26  Stalker x2  
  109  7:32  Protoss Ground Weapons Level 2 (Chrono Boost), Pylon  
  109  7:36  Pylon  
  109  7:40  Pylon  
  109  7:41  Probe  
  110  7:44  Forge  
  110  7:47  Photon Cannon  
  110  7:50  Shield Battery  
  109  7:55  Stalker x5  
  119  7:59  Pylon  
  119  8:00  Probe  
  120  8:06  Photon Cannon  
  120  8:14  Stalker, Probe  
  120  8:18  Stalker  
  120  8:19  Gateway  
  126  8:21  Pylon  
  126  8:24  Observer  
  126  8:25  Gateway, Stalker x2  
  130  8:29  Probe x2  
  130  8:32  Shield Battery, Stalker x2  
  136  8:37  Assimilator  
  136  8:40  Protoss Ground Armor Level 1 (Chrono Boost), Probe  
  138  8:41  Probe  
  138  8:44  Stalker  
  138  8:47  Probe  
  141  8:57  Nexus  
  141  9:00  Stalker x3  
  143  9:14  Charge  
  143  9:15  Probe x2  
  145  9:17  Gateway, Stalker x3  
  145  9:19  Gateway  
  145  9:21  Probe  
  145  9:22  Pylon  
  152  9:28  Probe x2  
  152  9:30  Observer  
  155  9:32  Pylon, Photon Cannon x2  
  155  9:36  Probe  
  156  9:40  Probe  
  156  9:41  Shield Battery  
  155  9:46  Stalker x2, Zealot x2  
  155  9:47  Protoss Ground Weapons Level 3 (Chrono Boost)  
  155  9:52  Probe  
  164  9:56  Shield Battery  
  164  9:57  Pylon  
  164  9:59  Observer  
  164  10:04  Zealot x3  
  164  10:05  Zealot  
  172  10:09  Probe x3  
  172  10:13  Assimilator, Pylon  
  175  10:14  Pylon  
  175  10:16  Zealot x5  
  183  10:27  Probe  
  184  10:31  Protoss Ground Armor Level 2 (Chrono Boost)  
  184  10:35  Photon Cannon  
  184  10:37  Stalker x3  
  184  10:38  Stalker x3  
  194  10:53  Probe  
  194  10:54  Nexus  
  194  10:56  Robotics Bay  
  195  10:58  Robotics Facility  
  195  11:01  Photon Cannon  
  195  11:02  Probe, Photon Cannon  
  195  11:03  Shield Battery, Photon Cannon  
  196  11:05  Pylon  
  188  11:13  Zealot x6  
  200  11:26  Shadow Stride (Chrono Boost)  
  200  11:30  Gateway  
  200  11:34  Gateway, Pylon  
  200  11:35  Photon Cannon  
  200  11:36  Pylon, Photon Cannon  
  200  11:39  Photon Cannon x2  
  200  11:41  Photon Cannon  
  200  11:45  Photon Cannon  
  194  11:49  Observer (Chrono Boost)  
  194  11:52  Stalker x7  
  194  11:53  Stalker  
  196  12:02  Disruptor (Chrono Boost)  
  196  12:06  Observer  
  196  12:14  Zealot x2  
  192  12:17  Protoss Shields Level 1 (Chrono Boost)  
  191  12:23  Zealot x4  
  199  12:33  Disruptor  
  199  12:45  Protoss Ground Armor Level 3 (Chrono Boost)  
  199  12:49  Probe  
  196  12:58  Dark Templar x4  
  198  13:07  Stalker x2  
  184  13:20  Stalker x5  
  187  13:31  Zealot x4, Dark Templar  
  176  13:46  Zealot, Dark Templar  
  170  13:54  Stalker x2, Zealot x5  
  172  13:56  Nexus, Pylon  
  172  13:59  Pylon  
  172  14:01  Pylon  
  160  14:04  Pylon  
  160  14:05  Pylon  
  150  14:11  Probe  
  150  14:13  Stalker x4  
  135  14:21  Zealot x4, Stalker x4  
  139  14:25  Probe  
  139  14:27  Pylon  
  139  14:28  Robotics Facility  
  139  14:29  Robotics Facility  
  139  14:30  Protoss Shields Level 2 (Chrono Boost), Photon Cannon  
  137  14:32  Pylon  
  137  14:36  Pylon  
  137  14:37  Stalker x4  
  141  14:39  Probe  
  141  14:40  Gravitic Boosters (Chrono Boost), Probe  
  141  14:44  Stalker  
  141  14:45  Stalker, Zealot x6  
  159  14:52  Photon Cannon  
  159  14:58  Probe  
  157  15:01  Photon Cannon  
  157  15:04  Photon Cannon  
  157  15:05  Photon Cannon  
  157  15:06  Photon Cannon  
  156  15:08  Stalker x7  
  156  15:09  Stalker  
  156  15:14  Disruptor (Chrono Boost)  
  171  15:19  Probe  
  174  15:22  Assimilator  
  174  15:31  Disruptor (Chrono Boost)  
  176  15:46  Stalker x5  
  182  15:57  Nexus  
  182  15:58  Disruptor  
  182  16:00  Zealot x3  
  182  16:01  Zealot x2  
  186  16:12  Stalker x3  
  162  16:28  Stalker x3  
  162  16:29  Zealot x6  
  146  16:38  Stalker  
  131  16:40  Observer (Chrono Boost)  
  131  16:41  Zealot x2  
  131  16:44  Probe  
  132  16:47  Pylon  
  128  16:54  Stalker x3  
  128  16:57  Probe  
  135  17:02  Immortal (Chrono Boost)  
  135  17:06  Zealot x3  
  135  17:07  Stalker  
  147  17:08  Photon Cannon  
  147  17:09  Shield Battery  
  147  17:13  Photon Cannon  
  147  17:19  Stalker x3  
  150  17:30  Stalker x3  
  150  17:33  Shield Battery  
  138  17:46  Disruptor (Chrono Boost)  
  138  17:49  Zealot, Stalker x2  
  138  17:50  Zealot x4  
  144  17:59  Zealot x4  
  144  18:03  Disruptor (Chrono Boost)  
  156  18:05  Stalker  
  156  18:12  Zealot x3  
  163  18:13  Pylon  
  163  18:22  Disruptor (Chrono Boost), Stalker  
  167  18:29  Stalker  
  167  18:34  Stalker, Photon Cannon  
  169  18:35  Photon Cannon  
  169  18:39  Stalker x2  
  175  18:43  Assimilator  
  175  18:46  Dark Templar  
  177  18:52  Observer (Chrono Boost)  
  177  18:53  Zealot x4  
  183  19:04  Disruptor (Chrono Boost)  
  183  19:09  Probe  
  188  19:16  Nexus  
  186  19:19  Stalker x2, Disruptor (Chrono Boost)  
  194  19:29  Disruptor (Chrono Boost)  
  187  19:33  Stalker  
  187  19:37  Nexus  
  189  19:41  Pylon  
  189  19:44  Stalker x4  
  182  19:59  Disruptor (Chrono Boost)  
  176  20:03  Zealot x8  
  195  20:09  Nexus  
  197  20:16  Disruptor (Chrono Boost)  
  197  20:20  Zealot x2  
  199  20:26  Observer  
  199  20:33  Zealot x2, Dark Templar  
  200  20:39  Observer (Chrono Boost)  
  200  20:41  Dark Templar  
  189  20:46  Zealot x2  
  189  20:47  Zealot x6, Disruptor (Chrono Boost)  
  179  21:02  Pylon  
  162  21:12  Pylon  
  162  21:15  Pylon  
  161  21:24  Photon Cannon  
  153  21:25  Photon Cannon  
  153  21:27  Photon Cannon  
  153  21:28  Photon Cannon  
  153  21:30  Probe  
  153  21:31  Photon Cannon  
  122  21:57  Pylon  
Show
View Real Time Build Order
Export as new Build Order

SKillous Protoss - Winner!

Build Orders:  

Get SALT Encoding   

  12  0:00  Probe  
  13  0:12  Probe  
  14  0:18  Pylon  
  14  0:24  Probe  
  15  0:36  Gateway  
  15  0:37  Probe (Chrono Boost)  
  16  0:46  Probe (Chrono Boost)  
  16  0:47  Assimilator  
  17  0:51  Probe (Chrono Boost)  
  17  0:55  Assimilator  
  18  1:03  Probe (Chrono Boost)  
  19  1:08  Gateway  
  19  1:12  Probe (Chrono Boost)  
  19  1:18  Probe  
  20  1:24  Cybernetics Core  
  21  1:30  Probe  
  22  1:33  Pylon  
  22  1:42  Probe  
  24  1:54  Probe  
  24  2:01  Stalker  
  24  2:02  Sentry, Warp Gate  
  28  2:11  Pylon  
  28  2:16  Pylon  
  30  2:31  Stalker  
  30  2:38  Nexus  
  30  2:42  Probe  
  31  2:45  Sentry  
  33  2:54  Probe  
  34  3:01  Sentry  
  36  3:06  Shield Battery  
  36  3:08  Stalker  
  38  3:17  Probe  
  38  3:19  Pylon  
  37  3:29  Probe  
  37  3:30  Twilight Council  
  38  3:41  Probe  
  39  3:51  Stalker x2  
  39  3:52  Probe  
  39  3:53  Probe  
  45  4:00  Blink (Chrono Boost)  
  45  4:04  Probe  
  45  4:05  Probe  
  47  4:14  Stalker  
  47  4:16  Probe  
  50  4:20  Stalker, Probe  
  53  4:28  Probe, Pylon  
  54  4:32  Probe  
  54  4:37  Stalker  
  57  4:40  Probe (Chrono Boost)  
  59  4:46  Stalker  
  59  4:49  Probe (Chrono Boost)  
  62  4:53  Probe (Chrono Boost)  
  62  4:54  Nexus  
  62  4:58  Probe (Chrono Boost)  
  63  5:00  Pylon, Probe (Chrono Boost)  
  64  5:08  Robotics Facility, Probe  
  64  5:11  Probe  
  66  5:17  Assimilator  
  66  5:20  Forge, Probe  
  67  5:26  Probe (Chrono Boost)  
  67  5:30  Shield Battery  
  67  5:33  Probe (Chrono Boost)  
  68  5:35  Gateway  
  68  5:37  Gateway  
  68  5:40  Probe (Chrono Boost)  
  68  5:42  Probe (Chrono Boost)  
  70  5:45  Probe (Chrono Boost)  
  70  5:47  Protoss Ground Weapons Level 1 (Chrono Boost), Probe (Chrono Boost)  
  72  5:53  Stalker x2  
  77  5:58  Probe  
  77  5:59  Observer  
  77  6:04  Pylon x2  
  78  6:06  Probe  
  78  6:07  Probe  
  78  6:11  Probe  
  81  6:18  Probe  
  81  6:19  Probe  
  81  6:21  Stalker x2  
  81  6:22  Assimilator  
  81  6:23  Probe  
  88  6:29  Stalker  
  88  6:30  Probe  
  88  6:31  Probe  
  92  6:33  Stalker  
  92  6:34  Pylon  
  92  6:35  Probe  
  95  6:42  Probe  
  95  6:43  Probe  
  95  6:45  Gateway  
  97  6:49  Gateway  
  97  6:52  Stalker x2  
  97  6:53  Observer  
  102  6:55  Probe  
  102  6:56  Assimilator  
  102  7:00  Stalker x2  
  107  7:03  Forge  
  107  7:04  Pylon  
  107  7:06  Probe  
  108  7:13  Observer  
  108  7:14  Nexus  
  108  7:17  Pylon  
  108  7:20  Observer (Chrono Boost)  
  108  7:22  Photon Cannon  
  109  7:24  Pylon  
  109  7:28  Protoss Ground Weapons Level 2 (Chrono Boost)  
  109  7:34  Pylon  
  109  7:36  Stalker x2  
  113  7:37  Protoss Ground Armor Level 1 (Chrono Boost)  
  113  7:40  Shield Battery  
  113  7:42  Stalker x2  
  113  7:43  Observer  
  117  8:05  Stalker x5  
  127  8:06  Probe  
  124  8:13  Probe  
  124  8:14  Probe  
  124  8:16  Photon Cannon  
  124  8:18  Probe, Photon Cannon  
  127  8:21  Shield Battery  
  127  8:26  Probe x2  
  127  8:27  Probe  
  130  8:30  Probe  
  130  8:31  Photon Cannon  
  130  8:34  Stalker x3, Pylon  
  137  8:37  Shield Battery  
  137  8:42  Photon Cannon  
  137  8:48  Probe x2  
  139  8:51  Stalker x3  
  143  9:10  Probe x2  
  143  9:11  Stalker x3  
  143  9:15  Gateway, Protoss Ground Weapons Level 3 (Chrono Boost), Stalker x3  
  143  9:16  Protoss Ground Armor Level 2 (Chrono Boost)  
  143  9:17  Gateway, Pylon x2  
  157  9:23  Pylon  
  157  9:29  Assimilator  
  157  9:30  Observer  
  157  9:32  Nexus  
  157  9:40  Observer  
  157  9:51  Stalker x4  
  157  9:52  Stalker x2  
  169  9:54  Photon Cannon  
  169  9:56  Shield Battery  
  169  9:58  Pylon  
  167  10:03  Probe  
  168  10:08  Probe x2  
  168  10:09  Shield Battery  
  168  10:10  Stalker  
  168  10:14  Probe  
  173  10:19  Stalker x7  
  187  10:24  Shield Battery  
  187  10:27  Pylon  
  187  10:33  Observer (Chrono Boost)  
  188  10:37  Pylon  
  188  10:43  Pylon  
  188  10:52  Stalker  
  188  10:53  Stalker x5  
  200  11:05  Gateway, Nexus  
  200  11:07  Gateway, Pylon  
  200  11:08  Gateway  
  200  11:10  Gateway  
  198  11:13  Stalker  
  198  11:14  Stalker  
  198  11:32  Photon Cannon  
  198  11:34  Photon Cannon  
  198  11:35  Shield Battery  
  198  11:36  Pylon, Photon Cannon x2  
  198  11:37  Photon Cannon  
  198  11:38  Shield Battery, Photon Cannon  
  198  11:39  Shield Battery  
  198  11:40  Stalker, Protoss Ground Armor Level 3 (Chrono Boost), Observer  
  198  11:41  Pylon  
  198  11:44  Protoss Shields Level 1 (Chrono Boost)  
  188  12:03  Stalker x5  
  188  12:04  Stalker x2  
  198  12:24  Stalker  
  200  12:44  Observer  
  199  12:53  Photon Cannon  
  199  12:55  Pylon, Photon Cannon  
  195  13:09  Stalker x4  
  195  13:10  Stalker  
  178  13:25  Stalker x7  
  193  13:27  Observer (Chrono Boost)  
  193  13:31  Observer  
  187  13:39  Protoss Shields Level 2 (Chrono Boost)  
  182  13:42  Stalker x4  
  182  13:44  Pylon  
  182  13:47  Pylon  
  168  13:51  Pylon  
  168  13:52  Pylon  
  155  14:01  Stalker  
  155  14:02  Stalker x5  
  142  14:03  Stalker x3  
  142  14:05  Probe x2 (Chrono Boost)  
  142  14:10  Probe (Chrono Boost)  
  129  14:17  Probe (Chrono Boost), Photon Cannon  
  129  14:18  Probe x2 (Chrono Boost)  
  129  14:20  Photon Cannon x2  
  129  14:21  Probe (Chrono Boost)  
  129  14:22  Photon Cannon  
  129  14:23  Shield Battery, Probe (Chrono Boost), Photon Cannon  
  128  14:25  Shield Battery  
  128  14:26  Probe x2 (Chrono Boost)  
  128  14:27  Photon Cannon  
  128  14:28  Shield Battery  
  128  14:30  Shield Battery, Probe (Chrono Boost)  
  128  14:31  Probe x2 (Chrono Boost)  
  134  14:32  Pylon, Photon Cannon  
  134  14:33  Probe x2 (Chrono Boost), Photon Cannon  
  134  14:34  Probe (Chrono Boost)  
  134  14:35  Stalker x11, Pylon, Photon Cannon  
  134  14:36  Shield Battery  
  134  14:37  Pylon  
  159  14:38  Photon Cannon  
  159  14:39  Observer (Chrono Boost), Photon Cannon  
  159  14:42  Probe  
  159  14:43  Probe  
  159  14:44  Shield Battery  
  161  14:46  Pylon  
  161  14:49  Stalker  
  163  14:54  Photon Cannon  
  163  14:58  Stalker x4  
  170  15:08  Pylon  
  170  15:09  Shield Battery  
  170  15:10  Stalker x5  
  180  15:16  Observer  
  178  15:24  Observer (Chrono Boost)  
  178  15:28  Stalker x6  
  189  15:36  Stalker, Observer  
  189  15:37  Stalker x3  
  197  15:46  Stalker x2  
  191  16:18  Stalker x9  
  189  16:22  Charge  
  165  16:34  Protoss Shields Level 3 (Chrono Boost)  
  165  16:36  Stalker x3  
  147  16:48  Stalker  
  147  16:49  Stalker x4, Pylon  
  147  16:50  Zealot x4  
  147  16:53  Assimilator x2  
  141  17:06  Stalker  
  143  17:08  Shield Battery  
  143  17:13  Gateway  
  142  17:15  Stalker x5  
  152  17:26  Stalker x3  
  157  17:30  Zealot x4  
  160  17:46  Observer x2  
  160  17:48  Stalker x3  
  160  17:49  Stalker x3, Observer (Chrono Boost)  
  160  17:50  Zealot x2  
  168  17:57  Stalker x2, Pylon  
  170  17:59  Pylon  
  170  18:01  Pylon  
  170  18:10  Photon Cannon  
  170  18:11  Zealot x4  
  170  18:12  Shield Battery, Photon Cannon  
  178  18:13  Pylon  
  178  18:15  Pylon  
  178  18:18  Stalker x3  
  178  18:19  Stalker x3  
  190  18:25  Nexus  
  190  18:26  Pylon  
  190  18:28  Photon Cannon  
  190  18:30  Shield Battery  
  190  18:36  Pylon  
  190  18:41  Photon Cannon  
  190  18:42  Photon Cannon  
  190  18:43  Shield Battery  
  190  18:46  Photon Cannon  
  190  18:48  Pylon  
  190  18:49  Stalker x3  
  196  18:56  Stalker x2  
  200  19:05  Photon Cannon  
  200  19:07  Photon Cannon x2  
  200  19:11  Pylon  
  194  19:36  Assimilator  
  192  19:39  Stalker x2  
  192  19:40  Stalker x2  
  192  19:43  Photon Cannon  
  200  19:46  Shield Battery  
  200  19:47  Photon Cannon  
  200  19:49  Pylon  
  192  20:05  Stalker x4  
  200  20:17  Observer  
  199  20:21  Nexus  
  199  20:33  Stalker  
  191  20:45  Stalker x9  
  191  20:48  Pylon  
  189  21:09  Stalker x9  
  189  21:10  Stalker x2  
  193  21:34  Stalker x3  
  193  21:38  Nexus  
  199  21:43  Pylon  
Tags
 
Add a new tag
Caveats
  • Supply blocks, unpowered buildings, or Contaminate may cause inaccurate times.
  • Supply counts are checked every 10 seconds.